 Dungeon Crawl Stone Soup version 0.32-a0-22-g6ae6769602 (webtiles) character file.

Game seed: 13493397155557139016

664 IdlyInterested the Trooper (level 7, -1/57 HPs)
             Began as a Demonspawn Gladiator on Jan 18, 2024.
             Succumbed to a hornet's poison
             ... on level 6 of the Dungeon.
             The game lasted 00:12:40 (5008 turns).

IdlyInterested the Trooper (Demonspawn Gladiator)   Turns: 5008, Time: 00:12:41

Health: -1/57      AC:  9    Str: 17    XL:     7   Next: 31%
Magic:  7/7        EV:  8    Int: 14    God:
Gold:   274        SH:  4    Dex: 14    Spells: 6/6 levels left

rFire   + . .        a - +0 rapier
rCold   . . .        (no shield)
rNeg    . . .        J - +0 chain mail {rF+}
rPois   .            p - +0 hat
rElec   .            r - +0 cloak
rCorr   .            (no gloves)
SInv    .            (no boots)
Will    +....        (no amulet) Stlth
                     C - +6 ring of intelligence
HPRegen 0.29/turn    (no ring)
MPRegen 0.10/turn

%: no passive effects
@: lethally poisoned (-1 -> -6), enlightened, flying, slowed, very slow
A: horns 2, condensation shield
a: no special abilities


You were on level 6 of the Dungeon.
You visited 2 branches of the dungeon, and saw 7 of its levels.

You collected 274 gold pieces.

Inventory:

Hand Weapons
 a - a +0 rapier (weapon)
 k - a +0 short sword
 q - a +0 rapier
Missiles
 d - a throwing net
 e - 5 javelins
 f - 18 poisoned darts
 g - 63 stones (quivered)
 D - 4 boomerangs
Armour
 p - a +0 hat (worn)
 r - a +0 cloak (worn)
 J - a +0 chain mail of fire resistance (worn)
Jewellery
 i - a ring of wizardry
 t - a ring of fire
 C - a +6 ring of intelligence (left hand)
Talismans
 F - a flux talisman
Wands
 H - a wand of iceblast (8)
 I - a wand of flame (21)
Scrolls
 c - a scroll of blinking
 l - a scroll of amnesia
 n - 5 scrolls of teleportation
 o - a scroll of enchant weapon
 w - a scroll of enchant armour
 x - a scroll of silence
 y - a scroll of noise {unknown}
 z - a scroll of fear
 B - 2 scrolls of poison
 E - a scroll of fog
Potions
 h - a potion of magic
 s - a potion of berserk rage {unknown}
 u - a potion of curing {unknown}
 v - 2 potions of brilliance
 A - a potion of attraction {unknown}
 G - a potion of might {unknown}


   Skills:
 * Level 5.7 Fighting
 * Level 4.8 Short Blades
 - Level 2.0 Throwing
 + Level 1.8 Armour
 - Level 3.0 Dodging
 - Level 1.0 Stealth
 - Level 1.0 Evocations
 - Level 1.0 Shapeshifting


You had 6 spell levels left.
You didn't know any spells.
Your spell library contained the following spells:

 Spells                   Type           Power      Damage    Failure   Level
 Animate Armour           Summ/Erth      0%         N/A       100%        4
 Summon Lightning Spire   Summ/Air       0%         N/A       100%        4
 Lee's Rapid Deconstruct  Erth           0%         3d4*      100%        5


Dungeon Overview and Level Annotations

Branches:
Dungeon (6/15)             Temple (1/1) D:6

Altars:
Ashenzari
Cheibriados
Dithmenos
Fedhas
Gozag
Hepliaklqana
Makhleb
Qazlal
Ru
Sif Muna
Trog
Uskayaw
Vehumet
Wu Jian
Yredelemnul


Innate Abilities, Weirdness & Mutations

You have a pair of horns on your head.
A meltable shield of frost defends you. (SH +4)


Message History

You barely miss the hornet. The hornet stings you!
You feel as though you will be slow longer.
The hornet barely misses you.
Okay, then.
Okay, then.
It was a potion of heal wounds.
You feel much better. The hornet stings you!
You feel as though you will be slow longer.
The hornet stings you but does no damage.
The hornet barely misses you.
You hit the hornet but do no damage. Your headbutt misses the hornet.
The hornet stings you!
You feel as though you will be slow longer.
The hornet stings you but does no damage.
You closely miss the hornet. The hornet closely misses you. x2
You hit the hornet but do no damage. Your headbutt misses the hornet.
The hornet stings you!
You feel as though you will be slow longer.
The hornet barely misses you.
You closely miss the hornet.
You headbutt the hornet, but do no damage.
The hornet stings you but does no damage.
The hornet stings you.
You are poisoned.
You feel as though you will be slow longer.
It was a potion of enlightenment.
You feel very buoyant.
You fly up into the air.
You feel very sick. The hornet stings you!
* * * LOW HITPOINT WARNING * * *
You feel as though you will be slow longer.
The hornet stings you!
* * * LOW HITPOINT WARNING * * *
You feel as though you will be slow longer.
Throw: 2 throwing nets
Press: ? - help, Shift-Dir - straight line, f - hornet
Aim: a hornet (44% to hit)
You throw a throwing net.
The throwing net barely misses the hornet.
You die...

##... #....# .....
#....# ....
...#....###### #
#..#......(..#
#######..#.........#####
.........#..............
.........#..............
##...##..#......y.......
##...##..#......@.......
.........#..............
.....##..#..............
.....#########.....#####
..........#..'.....#
..........'..#)....#
###.)##..#####..[..#
#..##..#......####
#......#......#


You could see a hornet.

Vanquished Creatures
  2 black bears (D:5)
  2 phantoms
  A bombardier beetle (D:4)
  A gnoll bouda (Temple)
  A hound (D:4)
  An iguana (D:6)
  3 gnolls
  7 adders
  A shadow imp (D:5)
  4 ufetubi
  2 ribbon worms (D:2)
  2 dart slugs
  3 orcs
  5 ball pythons
  10 endoplasms
  4 giant cockroaches
  8 goblins
  5 hobgoblins
  5 quokkas
  2 bats
  6 frilled lizards
  9 kobolds
  4 rats
88 creatures vanquished.

Notes
Turn   | Place    | Note
-------+----------+-------------------------------------------
     0 | D:1      | IdlyInterested the Demonspawn Gladiator began the quest for
                  | the Orb.
     0 | D:1      | Reached XP level 1. HP: 16/16 MP: 1/1
   258 | D:1      | Discovered your monstrous ancestry.
   258 | D:1      | Gained mutation: You have a pair of small horns on your
                  | head. [demonic ancestry]
   258 | D:1      | Reached XP level 2. HP: 17/23 MP: 2/2
   923 | D:2      | Reached skill level 3 in Fighting
   923 | D:2      | Gained mutation: A meltable shield of frost defends you.
                  | (SH +4) [demonic ancestry]
   923 | D:2      | Reached XP level 3. HP: 29/29 MP: 3/3
  1400 | D:2      | Reached XP level 4. HP: 24/35 MP: 4/4
  1593 | D:2      | Found a faded altar of an unknown god.
  1967 | D:3      | Found a blossoming altar of Fedhas.
  2111 | D:3      | Reached skill level 1 in Armour
  2762 | D:4      | You fall into a shaft and drop 1 floor!
  2762 | D:5      | Entered Level 5 of the Dungeon
  2766 | D:5      | Noticed a black bear
  2793 | D:5      | Killed a black bear
  2794 | D:5      | Reached skill level 4 in Fighting
  2794 | D:5      | Reached skill level 1 in Stealth
  2794 | D:5      | Gained mutation: You have a pair of horns on your head.
                  | [demonic ancestry]
  2794 | D:5      | Reached XP level 5. HP: 10/42 MP: 5/5
  2996 | D:4      | Found an ornate altar of the Wu Jian Council.
  3001 | D:4      | Noticed a spectral centipede
  3001 | D:4      | Noticed a spectral black mamba
  3001 | D:4      | Noticed a spectral cane toad
  3346 | D:4      | Noticed a phantom
  3356 | D:4      | Killed a phantom
  3357 | D:4      | Reached skill level 1 in Evocations
  3357 | D:4      | Reached XP level 6. HP: 48/49 MP: 6/6
  3798 | D:5      | Reached skill level 5 in Fighting
  3823 | D:5      | Reached skill level 1 in Shapeshifting
  4220 | D:5      | Reached XP level 7. HP: 6/56 MP: 7/7
  4807 | D:6      | Found a staircase to the Ecumenical Temple.
  4821 | Temple   | Entered the Ecumenical Temple
  4884 | D:6      | Found a bloodstained altar of Trog.
  4997 | D:6      | Noticed a hornet
  5007 | D:6      | HP: 1/57 [hornet (12)]
  5008 | D:6      | Succumbed to a hornet's poison

Illustrated notes

Levels and vault maps discovered:
D:1:      dpeg_arrival_three_same_balls, layout_loops_ring,
          amcnicky_mini_corridor_feature, minmay_cupped
D:2:      layout_loops_ring, dilly_ecumenical_altar_fadedgnrine
D:3:      layout_basic, mainiacjoe_overflow_brackets
D:4:      layout_basic, pdpol_wu_jian_five_deadly_venoms, minmay_crystal_water,
          minivault_4
D:5:      layout_loops_ring
D:6:      layout_gridville, mainiacjoe_overflow_boulevard,
          minmay_temple_entry_mini_moons, minmay_misc_feat_rows
Temple:   regret_index_temple_generic_petals

Skill      XL: |  1  2  3  4  5  6 |
---------------+-------------------+-----
Short Blades   | 3 4 |  4.8
Fighting       | 3 4 5 |  5.7
Dodging        | 3 |  3.0
Throwing       | 2 |  2.0
Armour         | 1 |  1.8
Stealth        | 1 |  1.0
Evocations     | 1 |  1.0
Shapeshifting  | 1 |  1.0

Action                     |  1- 3 |  4- 6 |  7- 9 || total
---------------------------+-------+-------+-------++-------
  Melee: Rapier            |   122 |   171 |    40 ||   333
         Punch             |     1 |     4 |     1 ||     6
         Headbutt          |     9 |    44 |    14 ||    67
  Throw: Stone             |     2 |     6 |     4 ||    12
         Throwing net      |       |     1 |     1 ||     2
    Use: Scroll            |       |     7 |     2 ||     9
         Potion            |       |     2 |     4 ||     6
   Stab: Held in net/web   |       |     1 |       ||     1
 Armour: Ring mail         |    33 |       |       ||    33
         Chain mail        |    41 |   131 |    32 ||   204
  Dodge: Dodged            |    56 |    57 |    19 ||   132
  Block: Other             |     8 |    24 |     3 ||    35

Table legend: (Time is in decaauts)
 A = Elapsed time spent in this place.
 B = Non-inter-level travel time spent in this place.
 C = Inter-level travel time spent in this place.
 D = Time resting spent in this place.
 E = Time spent auto-exploring this place.
 F = Levels seen in this place.
 G = Mean time per level.
                   A        B        C        D        E       F      G
               +--------+--------+--------+--------+--------+-----+--------+
         Total |   4989 |   4725 |    264 |    758 |   2913 |   7 |  712.7 |
       Dungeon |   4960 |   4696 |    264 |    752 |   2913 |   6 |  826.7 |
        Temple |     29 |     29 |      0 |      6 |      0 |   1 |   29.0 |
               +--------+--------+--------+--------+--------+-----+--------+

Top non-repeatable levels by time:
     D:2: 1089 daAuts
     D:5: 990 daAuts
     D:4: 946 daAuts
     D:1: 858 daAuts
     D:3: 734 daAuts
     D:6: 341 daAuts
  Temple: 29 daAuts
